 Dungeon Crawl Stone Soup version 0.28-a0-1199-gef9e1dbd39 (webtiles) character file.

Game seed: 17058896710627669849

2 jtrev the Skirmisher (level 1, 0/14 HPs)
             Began as a Gargoyle Berserker on Dec 19, 2021.
             Was a Follower of Trog.
             Slain by a goblin (4 damage)
             ... on level 1 of the Dungeon.
             The game lasted 00:00:19 (35 turns).

jtrev the Skirmisher (Gargoyle Berserker)             Turns: 35, Time: 00:00:19

Health: 0/14       AC:  4    Str: 20    XL:     1   Next: 30%
Magic:  1/1        EV: 11    Int:  7    God:    Trog [*.....]
Gold:   0          SH:  0    Dex:  9    Spells: 0/0 levels left

rFire   . . .      SeeInvis .   a - +0 mace
rCold   . . .      Faith    .   (no shield)
rNeg    + . .      Spirit   .   b - +0 animal skin
rPois   ∞          Reflect  .   (no helmet)
rElec   +          Harm     .   (no cloak)
rCorr   .          Rampage  .   (no gloves)
Will    .....                   (no boots)
Stlth   +.........              (no amulet)
HPRegen 0.04/turn               (no ring)
MPRegen 0.07/turn               (no ring)

@: no status effects
A: sickness immunity, AC +2, negative energy resistance 1, electricity
resistance, torment resistance 1, petrification resistance
a: Renounce Religion, Berserk


You were on level 1 of the Dungeon.
You worshipped Trog.
Trog was aware of your devotion.
You visited 1 branch of the dungeon, and saw 1 of its levels.

Inventory:

Hand Weapons
 a - a +0 mace (weapon)
Armour
 b - a +0 animal skin (worn)
Potions
 c - a potion of lignification {unknown}


   Skills:
 - Level 3.2 Fighting
 + Level 3.1 Maces & Flails
 - Level 2.1 Armour
 - Level 1.5 Dodging


You couldn't memorise any spells.
You didn't know any spells.
Your spell library was empty.

Dungeon Overview and Level Annotations

Branches:
Dungeon (1/15)

Altars:


Innate Abilities, Weirdness & Mutations

You are immune to sickness and miasma.
Your stone body is resilient. (AC +2)
You are immune to poison.
You resist negative energy. (rN+)
You are resistant to electric shocks. (rElec)
You are resistant to unholy torment.
You are immune to petrification.


Message History

Are you destined to find the legendary Orb of Zot, or to die trying?
Trog says: Kill them all!
Found a staircase leading out of the dungeon.
Found a blue potion.
You open the door.
There is an open door here.
Found a spear.
c - a blue potion A rat comes into view.
The rat twitches its whiskers.
A rat is nearby!
The rat bites you but does no damage.
You hit the rat.
You kill the rat!
Trog accepts your kill.
No target in view!
No target in view!
No target in view!
No target in view!
No target in view!
No target in view!
No target in view!
No target in view!
No target in view!
You see here a rat corpse.
A kobold comes into view. It is wielding a +0 dagger.
A kobold is nearby!
The kobold shouts!
You hear a shout!
A goblin comes into view. It is wielding a +0 club.
You hear a shout!
The kobold completely misses you.
You hit the kobold. The kobold hits you with a +0 dagger.
You closely miss the kobold. The kobold misses you.
You hit the kobold but do no damage. The kobold hits you with a +0 dagger.
The kobold hits you but does no damage.
You barely miss the kobold. The kobold misses you.
The goblin closely misses you.
You barely miss the kobold. The kobold hits you with a +0 dagger.
The goblin hits you but does no damage.
You hit the kobold. The kobold closely misses you.
The goblin hits you with a +0 club.
* * * LOW HITPOINT WARNING * * *
The goblin hits you with a +0 club.
* * * LOW HITPOINT WARNING * * *
You see here a rat corpse.
You hit the kobold.
You kill the kobold!
Trog accepts your kill.
You hit the goblin but do no damage. The goblin hits you with a +0 club.
You die...

#.# #.# #.# #.# #.#
#. #.# #.# #.#
#.#.#####.## #.#.#
#.#........# #.#.#
#.#######..###
#.#.#
#.#....@g....# .
#.#.#
#.#.#######.##
.###.#.###.#.# ...
.....#.......# .###
...................
.
...........#.).#.#.
#
####'#####.#......
PPP#.#PPP#.#.###.#
P⌠P#.#P⌠P#.... .#


You could see a goblin.

Vanquished Creatures
  A kobold (D:1)
  A rat (D:1)
2 creatures vanquished.

Notes
Turn   | Place    | Note
-------+----------+-------------------------------------------
     0 | D:1      | jtrev the Gargoyle Berserker began the quest for the Orb.
     0 | D:1      | Reached XP level 1. HP: 14/14 MP: 1/1
    35 | D:1      | Slain by a goblin

Illustrated notes

Levels and vault maps discovered:
D:1:      beargit_arrival_greenhouse, layout_basic

Action                   || total
-------------------------++-------
Melee: Mace              ||     9
Armor: Animal skin       ||     3
Dodge: Dodged            ||     5

Table legend: (Time is in decaauts)
 A = Elapsed time spent in this place.
 B = Non-inter-level travel time spent in this place.
 C = Inter-level travel time spent in this place.
 D = Time resting spent in this place.
 E = Time spent auto-exploring this place.
 F = Levels seen in this place.
 G = Mean time per level.
                   A        B        C        D        E       F      G
               +--------+--------+--------+--------+--------+-----+--------+
         Total |     37 |     37 |      0 |      0 |     14 |   1 |   37.0 |
       Dungeon |     37 |     37 |      0 |      0 |     14 |   1 |   37.0 |
               +--------+--------+--------+--------+--------+-----+--------+

Top non-repeatable levels by time:
     D:1: 37 daAuts
